[Event "Olomouc Chess Summer-GM 2022"]
[Site "Olomouc"]
[Date "2022.08.15"]
[Round "4.5"]
[White "Krejci, Jan"]
[Black "Frank, Adam"]
[Result "1-0"]
[ECO "B23"]
[WhiteElo "2511"]
[BlackElo "2313"]
[Annotator "TA"]
[PlyCount "121"]
[EventDate "2022.08.10"]
[EventCountry "CZE"]
[SourceTitle "playchess.com"]
[Source "ChessBase"]
[SourceQuality "1"]
[TimeControl "40/5400+30:1800+30"]

1. e4 c5 2. Nc3 d6 3. Nge2 Nf6 4. g3 Nc6 5. Bg2 g6 6. d3 {B24: Closed Sicilian: 3 g3 sidelines.} Rb8 7. O-O {[#]} e6 $146 ({Predecessor:} 7... Bd7 8. Bg5 Bg7 9. Nd5 Nxd5 10. exd5 Ne5 11. b3 Qc8 12. d4 cxd4 13. Nxd4 h6 {½-½ (67) Muljadi,P (2322)-Gleyzer,L (2345) ICCF email 2018}) 8. d4 {White is slightly better.} cxd4 9. Nxd4 e5 10. Nde2 {White is more active.} (10. Ndb5 {with more complications.} Bg4 11. Bf3 Bh3 12. Bg5) 10... Be7 11. Bg5 Be6 12. Qd2 b5 13. Rad1 (13. h4 $14) 13... O-O (13... b4 $5 14. Nd5 Nxd5 15. exd5 Bxg5 $11) 14. Bh6 Re8 15. h3 Qc8 16. Kh2 Bc4 17. b3 b4 $1 18. bxc4 bxc3 19. Qxc3 Qa6 20. f4 Rb4 21. Qe3 ({White should try} 21. c5 $1 $11 dxc5 22. fxe5) 21... Rxc4 $15 22. Nc3 Qb6 23. Qd3 (23. Qe1 $15) 23... Qc5 $17 24. Nd5 Nxd5 (24... Rxc2 25. Nxe7+ Nxe7 26. fxe5 Rxg2+ 27. Kxg2 Qxe5 28. Qf3 (28. Qxd6 Qxe4+ 29. Kg1 Nf5 $18) 28... Qxe4 29. Rxd6 Qxf3+ 30. Kxf3 $18) 25. exd5 (25. Qxd5 $17 Rxc2 26. fxe5 Qxd5 27. Rxd5 Nxe5 28. Rd2 Rxd2 29. Bxd2) 25... Nb4 $2 (25... Rxc2 26. dxc6 Qxc6 27. Rd2 Rxd2 28. Qxd2 $18) (25... e4 $1 $19 26. Qe2 (26. Bxe4 $2 Nb4 $19) 26... Nd4) 26. Qb3 e4 (26... Nxc2 27. fxe5 Qc7 28. Rc1 $16 (28. Qf3 Bf8 $16)) (26... Rxc2 $2 27. a3 Nc6 28. dxc6 (28. Qa4 exf4 29. Qxc6 fxg3+ 30. Kh1 Rc8 $18) 28... Qxc6 29. Rd5 $18) 27. f5 $1 (27. Qb2 $2 Bf8 28. Bxf8 Rxf8 $19) 27... Nxd5 (27... Rxc2 28. Rc1 $16) 28. Rd2 $2 ({Better is} 28. Bxe4 $15 Rxe4 29. Rxd5 Re2+ 30. Kh1 Qxc2 31. Qxc2 Rxc2 32. Re1) 28... Bf8 $19 29. Qb7 Qc7 $2 30. Qb5 $17 {[#]} Rb8 31. Qxd5 $11 Bxh6 32. fxg6 hxg6 33. Rdf2 Rc5 34. Qxe4 Rf8 ({Black should play} 34... f5 $11 35. Qe6+ Kh7) 35. Qd3 $1 $14 {Black must now prevent Bd5.} Rc3 {[#]} 36. Qd1 (36. Rxf7 $1 $16 Rxd3 37. Rxc7) 36... d5 $11 37. Qg4 Rxc2 38. Bxd5 {Threatening mate with Qxg6+.} Rxf2+ 39. Rxf2 {Qxg6+ is the strong threat.} Qd6 40. Qf3 Qe7 41. h4 Kg7 42. Kg2 f5 43. Re2 Qc5 44. Bb3 {aiming for Qb7+.} Rc8 $2 (44... Rf6 $14) 45. Rc2 Qxc2+ 46. Bxc2 Rxc2+ $18 {[%mdl 4096] Endgame KQ-KRB} 47. Kh3 Rc7 {Prevents Qb7.} 48. Qd3 Re7 (48... Rf7 $142 49. Qd4+ Kh7) 49. Qd4+ Kf7 50. Qd5+ Kg7 51. h5 (51. Qd6 $18 Rf7 52. Qe5+ Kh7 53. Qe6) 51... Bg5 $16 52. Qd4+ Bf6 $2 (52... Kh6 $16 {is a better chance.}) 53. h6+ $1 $18 {White is clearly winning.} Kf7 54. Qd5+ Re6 55. h7 {Threatens to win with Qb7+.} Be5 56. Qxe5 Rxe5 57. h8=Q Re7 58. Qd8 g5 59. Qd5+ Kg6 60. Qd6+ Kf7 61. Qh6 {Never resign too early!  Weighted Error Value: White=0.27 (precise) /Black=0.45} 1-0

[Event "Olomouc Chess Summer-GM 2022"]
[Site "Olomouc"]
[Date "2022.08.16"]
[Round "5.1"]
[White "Frank, Adam"]
[Black "Mirzoev, Azer"]
[Result "1/2-1/2"]
[ECO "C70"]
[WhiteElo "2313"]
[BlackElo "2424"]
[Annotator "TA"]
[PlyCount "92"]
[EventDate "2022.08.10"]
[EventCountry "CZE"]
[SourceTitle "playchess.com"]
[Source "ChessBase"]
[SourceQuality "1"]
[TimeControl "40/5400+30:1800+30"]

1. e4 e5 2. Nf3 Nc6 3. Bb5 a6 4. Ba4 Nge7 5. O-O d6 6. c3 Bd7 7. d4 g6 8. Be3 Bg7 9. dxe5 {[%emt 0:01:46] C76: Ruy Lopez: Deferred Steinitz: 5 c3 Bd7 6 d4 g6.} Nxe5 10. Nxe5 dxe5 11. Na3 {[%emt 0:02:04] White is slightly better.} Bxa4 12. Qxa4+ Qd7 13. Qb3 Qc6 {[%emt 0:03:49] [#]} 14. Qb4 $146 {[%emt 0:03:26] White is more active.} ({Predecessor:} 14. f3 O-O 15. Nc2 a5 16. a4 Rfd8 17. Rad1 Bf8 18. Na3 Kg7 19. Nc4 Rxd1 20. Rxd1 {1-0 (31) Janetschek,K (2345)-Rolletschek,H (2370) Austria 1992}) 14... a5 15. Qc5 Qxc5 16. Bxc5 b6 17. Be3 O-O-O 18. Rad1 Nc6 19. f3 a4 20. b4 axb3 21. axb3 h5 22. b4 Bh6 23. Rxd8+ Nxd8 24. Bxh6 Rxh6 $11 {[%emt 0:00:06][%mdl 4096] Endgame KRN-KRN} 25. Nc4 f6 26. f4 exf4 {[%emt 0:05:34] The position is equal.} 27. Rxf4 g5 $1 28. Rf5 Nf7 29. e5 Kd7 (29... Nxe5 30. Nxe5 fxe5 31. Rxg5 $16) 30. exf6 Ke6 {[%emt 0:00:06][%csl LRf5,LRf6] Against Ne5} 31. Ne3 Rxf6 32. Rxf6+ Kxf6 {[%emt 0:00:02] KN-KN} 33. Nd5+ Ke5 34. Nxc7 Ke4 35. c4 Kd4 36. c5 bxc5 37. Ne6+ Kc4 38. bxc5 {[%emt 0:00:42] [#] c6 is the strong threat.} Kd5 39. Ng7 h4 ({Resist} 39... Kxc5 40. Nxh5 Kd5 41. Kf2 $16) 40. Kf2 Ne5 41. h3 g4 42. hxg4 Nxg4+ 43. Kf3 Ne5+ 44. Kf4 Nd3+ 45. Kg4 Ne1 46. Kxh4 Nxg2+ {Weighted Error Value: White=0.05 (flawless) /Black=0.02 (flawless)} 1/2-1/2

[Event "Olomouc Chess Summer-GM 2022"]
[Site "Olomouc"]
[Date "2022.08.16"]
[Round "5.2"]
[White "Winkelman, Albert"]
[Black "Krejci, Jan"]
[Result "0-1"]
[ECO "B46"]
[WhiteElo "2278"]
[BlackElo "2511"]
[Annotator "TA"]
[PlyCount "142"]
[EventDate "2022.08.10"]
[EventCountry "CZE"]
[SourceTitle "playchess.com"]
[Source "ChessBase"]
[SourceQuality "1"]
[TimeControl "40/5400+30:1800+30"]

1. e4 c5 2. Nf3 e6 3. d4 cxd4 4. Nxd4 Nc6 5. Nc3 a6 6. Be3 Nf6 7. Bd3 Qc7 8. O-O Nxd4 9. Bxd4 Bc5 10. Be2 {[%emt 0:12:29] Strongly threatening e5. B48: Sicilian: Taimanov: 5 Nc3 Qc7 6 Be3 a6 without Be2.} d6 {[%emt 0:05:11] Inhibits e5. 10...e5 is vanishing.} 11. Qd2 {[%emt 0:05:23] is the legacy move (11.Bxf6).} (11. Bxf6 $14 {is superior.} gxf6 12. Qd2) 11... Bxd4 $11 12. Qxd4 {[%emt 0:00:10] The position is equal.} e5 13. Qe3 Be6 {[%emt 0:01:46] [#]} 14. Qg3 $146 ({Predecessor:} 14. a4 O-O 15. Rfd1 Rfd8 16. Rd2 Qa5 17. Rad1 Qb4 18. f4 exf4 19. Qd4 Qxb2 20. Rb1 {0-1 (42) Reinaldo Castineira,R (2416)-Moreno Carnero,J (2515) Barcelona 2000}) 14... O-O 15. f4 (15. Rfd1 $11 {keeps the balance.}) 15... exf4 $17 16. Rxf4 Nd7 (16... d5 $5 17. exd5 Nxd5 18. Nxd5 Bxd5 $15) 17. Rd1 (17. Qe3 $11) 17... Ne5 (17... Qb6+ $17 18. Rf2 Qxb2 19. Rxd6 Rac8) 18. Qe3 b5 19. Qd4 Rfd8 20. Rd2 Rac8 21. Rf1 Qb7 22. a3 h6 23. Rfd1 Rd7 24. h3 Rc5 25. Kh1 Qc7 26. Qg1 Qb8 {[%emt 0:04:00] [#]} 27. Qe3 (27. Rxd6 $142 $1 Rxd6 28. Qxc5 Rxd1+ 29. Nxd1) 27... Qc7 28. Rd4 Rc6 29. a4 bxa4 30. Rxa4 Qb7 (30... Qb8 $5 ) 31. Qc1 Rb6 32. b3 Rc7 33. Nd5 Bxd5 34. exd5 {[%emt 0:00:06] White is now going downhill.} Rxb3 $1 35. cxb3 Rxc1 36. Rxc1 Qxb3 37. Rxa6 Qb2 38. Rc8+ (38. Ra8+ $17 Kh7 39. Re1) 38... Kh7 $19 39. Bg4 Qb1+ 40. Kh2 Qe4 41. Rd8 $2 (41. Rc7) 41... f5 42. Bxf5+ Qxf5 43. Rdxd6 Qf4+ 44. Kg1 Nd3 45. Rg6 Qf2+ (45... Qc1+ $142 46. Kh2 Nf4) 46. Kh2 Qf4+ $2 (46... Nf4 $19 47. Rg4 h5) 47. Rg3 (47. Kg1 $11 Qc1+ 48. Kh2) 47... Ne5 48. Ra7 Ng6 49. Raa3 h5 50. Kh1 h4 51. Rgf3 Qd2 52. Ra1 Nf4 53. Rg1 g5 54. d6 Qxd6 55. Rgf1 Nh5 {[%emt 0:00:00] aiming for ...Ng3+.} 56. Rb1 Kg6 57. Rfb3 Ng3+ 58. Kg1 Kh5 59. Rb7 Qd4+ 60. Kh2 Qf4 61. Rh7+ Kg6 62. Rhb7 {[%emt 0:00:10] Black must now prevent R1b6+.} Ne4+ ({Not} 62... Nf1+ 63. Kg1 Qc4 64. R7b6+ (64. Rxf1 g4 $11) 64... Kh5 65. R6b4 $14) 63. Kh1 Nf6 $2 (63... Nf2+ 64. Kg1 Ne4) 64. R7b6 $2 (64. R7b4 {was the only defense.} Ne4 65. Rb7) 64... Kh5 65. Rb7 Nd5 {[%emt 0:01:43] Threatens to win with ...Qe4.} 66. Rh7+ Kg6 67. Rhb7 Qe4 68. Kg1 Nf4 69. R1b2 Kh5 70. R7b3 {[%emt 0:00:28] [#]} Ne2+ (70... Nxg2 $142 $1 {[%mdl 512] ( -> ...Nf4)} 71. Rb4 {[#]} (71. Rxg2 Qd4+) 71... Qf3 $1 72. Rxg2 Qd1+ 73. Kf2 Qd2+ 74. Kg1 Qe1+ 75. Kh2 Qxb4) 71. Kf2 Nc1 {[%emt 0:00:40] Weighted Error Value: White=0.74/Black=0.25 (precise)} 0-1

[Event "Olomouc Chess Summer-GM 2022"]
[Site "Olomouc"]
[Date "2022.08.16"]
[Round "5.3"]
[White "Pap, Gyula"]
[Black "Sorm, Daniel"]
[Result "1/2-1/2"]
[ECO "B46"]
[WhiteElo "2481"]
[BlackElo "2308"]
[Annotator "TA"]
[PlyCount "23"]
[EventDate "2022.08.10"]
[EventCountry "CZE"]
[SourceTitle "playchess.com"]
[Source "ChessBase"]
[SourceQuality "1"]
[TimeControl "40/5400+30:1800+30"]

1. e4 c5 2. Nf3 Nc6 3. d4 cxd4 4. Nxd4 e6 5. Nc3 a6 6. Nxc6 bxc6 7. Qd3 {[%emt 0:06:21] B46: Sicilian: Taimanov: 5 Nc3 a6.} d5 8. Qg3 Nf6 9. Bd3 (9. Be2 $5 ) 9... Nh5 10. Qf3 Nf6 {[%emt 0:00:14] [#]} 11. Qg3 $146 ({Predecessor:} 11. O-O Be7 12. Qg3 Nh5 13. Qf3 Nf6 14. e5 Nd7 15. Qg3 g6 16. Bh6 Rb8 17. b3 Rb4 18. f4 Bf8 19. Bxf8 Kxf8 {0-1 (36) Hovhannisyan,R (2625)-Movsesian,S (2633) Chess.com INT 2018}) 11... Nh5 12. Qf3 {[%emt 0:00:06] A rather calm draw.  Weighted Error Value: White=0.14 (very precise) /Black=0.08 (flawless)} 1/2-1/2

[Event "Olomouc Chess Summer-GM 2022"]
[Site "Olomouc"]
[Date "2022.08.16"]
[Round "5.4"]
[White "Stalmach, Richard"]
[Black "Svanda, Ondrej"]
[Result "1-0"]
[ECO "E11"]
[WhiteElo "2363"]
[BlackElo "2363"]
[Annotator "TA"]
[PlyCount "61"]
[EventDate "2022.08.10"]
[EventCountry "CZE"]
[SourceTitle "playchess.com"]
[Source "ChessBase"]
[SourceQuality "1"]
[TimeControl "40/5400+30:1800+30"]

1. d4 Nf6 2. c4 e6 3. Nf3 Bb4+ 4. Nbd2 O-O 5. a3 Be7 6. e4 d6 {[%emt 0:00:18][%cal Oe6e5] E11: Bogo-Indian.} (6... d5 $5 ) 7. Be2 Nbd7 {[%emt 0:00:17] 7...Nfd7 is more fashionable.} 8. O-O e5 {[%emt 0:00:41] White is slightly better.} 9. Qc2 {[%emt 0:00:39] 9.b4 is not played anymore.} a5 10. b3 exd4 11. Nxd4 Re8 12. Bb2 Bf8 13. Rfe1 g6 14. Bf1 Bg7 15. h3 {[%emt 0:07:07] [#]} h5 $146 ({Predecessor:} 15... Nc5 16. Rad1 Nfd7 17. g3 Nf8 18. Bg2 Bd7 19. f4 g5 20. f5 h5 21. g4 hxg4 22. hxg4 {1-0 (46) Berza,S (2319)-Klim,A (2305) ICCF email 2017}) 16. Rad1 h4 {[%emt 0:03:53] [#] White now steadily converts the win.} (16... Nc5 $14) 17. N2f3 $1 $16 {[%emt 0:16:52] White is more active.} Nh5 (17... c6 $16) 18. Nb5 $18 Ne5 19. Bxe5 Bxe5 {[%emt 0:07:18] [#]} 20. c5 $1 Qe7 21. cxd6 Bxd6 22. e5 ({Don't take} 22. Nxd6 cxd6 23. Bb5 Rd8 $16) 22... Bc5 (22... Bxa3 $16 23. Qxc7 (23. Nxc7 Bf5 $16) 23... Be6) 23. e6 Bxe6 {[%emt 0:14:53] [#]} 24. Rxe6 $1 Qxe6 25. Qxc5 Qxb3 $2 (25... Qc6 26. Qxc6 bxc6) 26. Rd3 (26. Qc1 $142) 26... Qb1 (26... Qb2 {was worth a try.} 27. Nxc7 Rac8 28. Qxa5 Re4) 27. Qc4 {[%emt 0:00:57] Hoping for Nc3.} (27. Nxc7 Rac8 $18) 27... Ra6 28. Rd7 {[%emt 0:06:45][%mdl 1024] White has strong compensation.} (28. Nxc7 Rc6 29. Qxc6 bxc6 $16) 28... Rf6 (28... Qf5 {keeps fighting.} 29. Rxc7 (29. Qxc7 Rc6 $14) 29... Rb6) 29. Nxc7 {[%emt 0:01:12] Dancing on a razor blade.} Re4 (29... Rf4 30. Qd5 Rf8) 30. Rd8+ Kh7 {[%emt 0:00:03] [#]} 31. Qxe4 $3 {[%emt 0:00:40][%mdl 512] Weighted Error Value: White=0.13 (very precise) /Black=0.69} 1-0

[Event "Olomouc Chess Summer-GM 2022"]
[Site "Olomouc"]
[Date "2022.08.16"]
[Round "5.5"]
[White "Lutsko, Artem"]
[Black "Baum, Jonasz"]
[Result "0-1"]
[ECO "E49"]
[WhiteElo "2392"]
[BlackElo "2410"]
[Annotator "TA"]
[PlyCount "58"]
[EventDate "2022.08.10"]
[EventCountry "CZE"]
[SourceTitle "playchess.com"]
[Source "ChessBase"]
[SourceQuality "1"]
[TimeControl "40/5400+30:1800+30"]

1. c4 e6 2. Nc3 d5 3. d4 Bb4 4. a3 Bxc3+ 5. bxc3 Nf6 6. e3 O-O 7. Bd3 dxc4 8. Bxc4 c5 9. Ne2 Qc7 10. Bd3 Nc6 11. O-O e5 12. Qc2 Rd8 13. f4 {E49: Nimzo-Indian: Rubinstein: 5 Bd3 d5 6 a3 Bxc3+ 7 bxc3.} exd4 14. cxd4 {[#]} Qe7 $146 ({Predecessor:} 14... Qd6 15. Bb2 Bg4 16. Rad1 cxd4 17. e4 Rac8 18. Qd2 Qe7 19. h3 Bxe2 20. Qxe2 Nd7 {0-1 (39) Kulago,A (2146)-Pacher,M (2255) Tatranske Zruby 2007}) 15. dxc5 {The position is equal.} Rd5 16. e4 Rxc5 17. Qb1 Rh5 18. Ng3 Rxh2 19. Kxh2 Ng4+ 20. Kg1 {Black must now prevent Be2.} Qh4 21. Rf3 Nd4 {Pair of Knights!} 22. Re3 {aiming for Qb2.} Qh2+ 23. Kf1 Be6 {[%cal Bc8e6,Be6h3,Bh3g4][%mdl 32] [#] Threatens to win with ...h5.} 24. Qb2 $1 Rd8 {[#] Strongly threatening ...h5.} 25. Be2 $1 Nxe2 $17 {The board is on fire. 0x0.001eba878d10dp-1022s more active pieces.} 26. Qxe2 {Hoping for Rd3.} Nxe3+ 27. Qxe3 $4 (27. Bxe3 $17 Qxg3 28. Kg1) 27... Rd1+ {Black mates.} 28. Kf2 {[#]} Bh3 $1 ({Inferior is} 28... Bg4 29. Nf1 Qh1 30. Bb2 Qxf1+ 31. Kg3 $17) 29. Ke2 Bg4+ {Weighted Error Value: White=0.51/Black=0.06 (flawless)} 0-1

[Event "Olomouc Chess Summer-GM 2022"]
[Site "Olomouc"]
[Date "2022.08.17"]
[Round "6.1"]
[White "Mirzoev, Azer"]
[Black "Baum, Jonasz"]
[Result "1-0"]
[ECO "A46"]
[WhiteElo "2424"]
[BlackElo "2410"]
[Annotator "TA"]
[PlyCount "113"]
[EventDate "2022.08.10"]
[EventCountry "CZE"]
[SourceTitle "playchess.com"]
[Source "ChessBase"]
[SourceQuality "1"]
[TimeControl "40/5400+30:1800+30"]

1. d4 Nf6 2. Nf3 d5 3. c4 e6 4. e3 Be7 5. b3 O-O 6. Bb2 c5 7. Nbd2 cxd4 8. exd4 Nc6 9. Bd3 b6 10. O-O Bb7 11. Qe2 Rc8 12. Rad1 {[%emt 0:00:12] E14: Queen's Indian: Classical Variation (4 e3).} Qc7 13. Rfe1 Rfd8 14. h3 {[%emt 0:00:34] [#] The position is equal.} Nh5 $146 ({Predecessor:} 14... Qf4 15. g3 Qh6 16. h4 Qh5 17. Bb1 h6 18. a3 Bf8 19. Qd3 Ne7 20. c5 bxc5 21. dxc5 {1-0 (33) Anton Guijarro,D (2675)-Le,Q (2709) Chess.com INT 2020}) 15. Bb1 Nf4 16. Qe3 Bf6 (16... g6 $11) 17. g3 $14 Ng6 ({Weaker is} 17... Nxh3+ 18. Kh2 $16) 18. h4 (18. cxd5 $14 Rxd5 19. h4) 18... Nge7 (18... Nce7 $11) 19. g4 {[%emt 0:06:09] Black must now prevent g5.} ({But not} 19. Qd3 Nf5 20. cxd5 Rxd5 $17) 19... Ng6 20. cxd5 Rxd5 21. h5 Nf4 22. Ne4 {[%emt 0:00:56] Against Bg5. Strongly threatening Bc1.} Nh3+ {[%emt 0:00:30] [#]} (22... Be7 $11 {keeps the balance.}) 23. Kg2 $1 $16 Nf4+ 24. Kf1 Be7 {[%emt 0:04:02] [#]} 25. Bc1 $1 $36 {[%emt 0:03:53][%mdl 2048] White has strong initiative.} Ba6+ 26. Kg1 e5 {[%emt 0:00:03] aiming for ...Nxd4.} 27. Nc3 {[%emt 0:06:29][%csl LRd5,LRe5] Qe4 is the strong threat.} Nxd4 $2 {[%emt 0:10:52] Loses the game.} 28. Nxd4 $18 {[%emt 0:01:49] The board is on fire.} Rxd4 29. Rxd4 exd4 30. Qxe7 Qxe7 31. Rxe7 Ne6 32. Rxa7 Bb5 33. Nxb5 Rxc1+ 34. Kg2 Rxb1 {[%emt 0:00:04][%mdl 4096] Endgame KRN-KRN} 35. Ra8+ Nf8 36. Nxd4 Rd1 37. Nc6 {[%emt 0:01:02] Ne7+ would kill now.} f5 38. Ne7+ Kf7 39. Nxf5 Nd7 40. Ra7 Kf6 41. Ne3 Rd4 42. Kg3 g6 43. hxg6 hxg6 44. Rc7 Rd6 45. f3 Rd3 46. Kf2 Kg5 47. Ke2 {[%emt 0:00:32] White is clearly winning.} Rd6 48. Nc4 {[%emt 0:02:12] Prevents Ne5.} Rd5 49. Rc6 b5 50. Nd2 Ne5 51. Ne4+ Kh4 (51... Kh6 $142) 52. Rc8 Nf7 {[%emt 0:00:00] Against Rh8+} 53. Rg8 Kh3 54. Rxg6 {[%emt 0:00:00] And now Kf2 would win.} Kg2 55. f4 b4 56. Rf6 Nh8 57. f5 {[%emt 0:00:00] Weighted Error Value: White=0.10 (very precise) /Black=0.29 (precise)} 1-0

[Event "Olomouc Chess Summer-GM 2022"]
[Site "Olomouc"]
[Date "2022.08.17"]
[Round "6.2"]
[White "Svanda, Ondrej"]
[Black "Lutsko, Artem"]
[Result "1/2-1/2"]
[ECO "B51"]
[WhiteElo "2363"]
[BlackElo "2392"]
[Annotator "TA"]
[PlyCount "51"]
[EventDate "2022.08.10"]
[EventCountry "CZE"]
[SourceTitle "playchess.com"]
[Source "ChessBase"]
[SourceQuality "1"]
[TimeControl "40/5400+30:1800+30"]

1. e4 c5 2. Nf3 d6 3. Bb5+ Nd7 4. a4 Ngf6 5. Nc3 g6 6. a5 {[%emt 0:00:08] B51: Sicilian: Moscow Variation (3 Bb5+) without 3...Bd7.} Bg7 7. O-O a6 8. Be2 {[%emt 0:00:37] White is slightly better.} O-O 9. d3 b5 10. axb6 $1 a5 11. Qd2 Nxb6 {[%emt 0:05:56] [#]} 12. b3 $146 ({Predecessor:} 12. Qf4 a4 13. Qh4 h5 14. Ra3 Re8 15. h3 Bd7 16. Ng5 Qc7 17. f4 c4 18. d4 {1-0 (37) So,W (2773)-Vokhidov,S (2552) Chess.com INT 2022}) 12... Bd7 {[%emt 0:19:14] The position is equal.} 13. Bb2 Qc7 14. Ra2 a4 15. bxa4 Nxa4 16. Rfa1 Nb6 17. Qc1 Qb7 18. e5 Rxa2 19. Rxa2 Nfd5 20. Nxd5 Qxd5 21. Qa1 Ra8 (21... Rb8 {seems wilder.} 22. Ra7 Ra8 23. exd6 Bxb2 24. Rxa8+ Nxa8 25. Qxb2 Qxd6 26. Nd2 Nb6) 22. Rxa8+ Qxa8 23. Qxa8+ Nxa8 24. d4 cxd4 25. exd6 exd6 26. Bxd4 {[%emt 0:00:02] Weighted Error Value: White=0.04 (flawless) /Black=0.03 (flawless)} 1/2-1/2

[Event "Olomouc Chess Summer-GM 2022"]
[Site "Olomouc"]
[Date "2022.08.17"]
[Round "6.3"]
[White "Sorm, Daniel"]
[Black "Stalmach, Richard"]
[Result "1/2-1/2"]
[ECO "B31"]
[WhiteElo "2308"]
[BlackElo "2363"]
[Annotator "TA"]
[PlyCount "68"]
[EventDate "2022.08.10"]
[EventCountry "CZE"]
[SourceTitle "playchess.com"]
[Source "ChessBase"]
[SourceQuality "1"]
[TimeControl "40/5400+30:1800+30"]

1. e4 c5 2. Nf3 Nc6 3. Bb5 g6 4. O-O Bg7 5. Re1 e5 6. b4 cxb4 7. a3 bxa3 {[%emt 0:15:50] B31: Sicilian: 2...Nc6 3 Bb5 g6.} (7... b3 $11) 8. d4 (8. Bxa3 a6 $11) (8. Rxa3 Nge7 $15) (8. Nxa3 $16 {Nc4 is the strong threat.} a6 9. Bxc6 dxc6 10. Bb2) 8... exd4 9. Nxa3 Nge7 10. Nc4 {[%emt 0:01:53][%mdl 1024] White has compensation.} O-O 11. Nd6 $1 a6 12. e5 Qc7 {[%emt 0:11:54][%cal Oc6e5] [#]} 13. Bg5 $146 ({Predecessor:} 13. Bf4 Nxe5 14. Bxe5 Bxe5 15. Nxc8 Raxc8 16. Rxe5 d6 17. Rxe7 Qxe7 18. Bd3 Rc5 19. Qd2 {1-0 (37) Cuartas,J (2483)-Amigo Villalta,J (2231) Barcelona 2014}) 13... Bxe5 14. Nxe5 Qxd6 15. Bxc6 {[%emt 0:13:11] 0x0.0005ecfa875cdp-1022s more active pieces. The black rooks are badly placed.} (15. Ng4 $1 $16 {Threatens to win with Bxc6.} f5 16. Bc4+ Kh8 17. Nh6) 15... Nxc6 $11 (15... bxc6 $2 16. Nc4 Qc5 17. Bxe7 Qxc4 18. Qd2 $18 (18. Bxf8 Kxf8 19. Qd2 Kg7 $14)) 16. Nc4 (16. Bf4 $15) 16... Qc7 $2 (16... Qc5 $17 17. Bf6 b5) 17. Bh6 $14 d5 18. Na5 {[%emt 0:02:32] aiming for Nxc6.} Qb6 19. Nxc6 $18 bxc6 {[%emt 0:00:03] [#]} 20. Rb1 $1 Qc5 {[%emt 0:00:13][%cal Oc8f5] [#]} 21. Qf3 (21. Bxf8 Kxf8 22. Qd2 (22. Qe2 Be6 $11) 22... Bf5 $11) (21. Qd2 $1 $16 {[%cal Rd2f4] Hoping for Qf4.} Bd7 22. Qf4 (22. Bxf8 Rxf8 23. Rb4 Bf5 $11)) 21... Qd6 $11 22. Bf4 Qf6 {[%emt 0:00:56] And now ...g5 would win.} 23. Qg3 {[%emt 0:00:02] Inhibits g5.} Qf5 (23... Be6 $15 24. Be5 Qf5 25. Bxd4 a5) 24. Bd6 {[%emt 0:00:37] The position is equal.} Be6 25. Bxf8 Rxf8 26. Qd6 Qxc2 27. Rb8 Bc8 28. Qc7 $1 d3 {[%emt 0:02:25][%cal Bd4d3,Bd3d2][%mdl 32] White must now prevent ...d2.} 29. Rxc8 d2 $1 30. Rxf8+ Kxf8 31. Qd6+ Kg7 32. Qe5+ Kg8 (32... Kh6 $5 33. Qf4+ Kg7 34. Qd4+ f6 $18) 33. Qb8+ Kg7 34. Qe5+ Kg8 {[%emt 0:00:43] Weighted Error Value: White=0.21 (precise) /Black=0.27 (precise)} (34... Kh6 $5 35. Qf4+ Kg7 36. Qd4+ f6 $16) 1/2-1/2

[Event "Olomouc Chess Summer-GM 2022"]
[Site "Olomouc"]
[Date "2022.08.17"]
[Round "6.4"]
[White "Krejci, Jan"]
[Black "Pap, Gyula"]
[Result "1-0"]
[ECO "D61"]
[WhiteElo "2511"]
[BlackElo "2481"]
[Annotator "TA"]
[PlyCount "71"]
[EventDate "2022.08.10"]
[EventCountry "CZE"]
[SourceTitle "playchess.com"]
[Source "ChessBase"]
[SourceQuality "1"]
[TimeControl "40/5400+30:1800+30"]

1. d4 e6 2. c4 d5 3. Nc3 Nf6 4. Nf3 Nbd7 5. Bg5 Be7 6. e3 O-O 7. Qc2 h6 8. Bh4 c5 9. cxd5 Nxd5 10. Bxe7 {[%emt 0:01:07] D61: Queen's Gambit Declined: Classical: 7 Qc2.} Nxe7 11. Rd1 Qa5 12. Be2 {[%emt 0:08:04] The position is equal.} Nf6 13. O-O cxd4 14. Rxd4 Bd7 15. Ne4 Ned5 16. b4 {[%emt 0:06:38][%cal Bb2b4,Bb4b5][%mdl 32] [#]} Qa3 $146 (16... Qb6 $11) ({Predecessor:} 16... Qb6 17. Nxf6+ Nxf6 18. Qd3 Qc7 19. Rc4 Qb6 20. Rd4 Qc7 21. Qc4 Rfc8 22. Qxc7 Rxc7 {½-½ (59) Kunin,V (2569)-Polaczek,R (2424) Luxembourg 2017}) 17. Nxf6+ $14 Nxf6 18. Ne5 $1 Rfc8 19. Qd2 {[%emt 0:02:33] White is much more active. White now steadily converts the win.} Be8 20. Nc4 $1 $36 {[%emt 0:01:20][%mdl 2048] Keeping Black busy.} Qa4 {[%emt 0:00:44] [#]} 21. b5 $1 Rc5 {[%emt 0:08:33] [#]} (21... Bxb5 $2 22. Nd6 Rc2 23. Bxb5) (21... Nd5 $16 22. Rb1 Bxb5) 22. Nb6 $1 $18 axb6 23. Rxa4 Rxa4 {[%emt 0:00:06] [#]} 24. Bd1 $1 Ra3 25. Qb2 Rd3 26. a4 Ne4 $2 (26... Nd5 27. Re1 Nc3) 27. Qb1 Rcd5 {[%emt 0:02:26] White must now prevent ...Nc3.} 28. Be2 Nc3 29. Qc2 ({Not} 29. Bxd3 Nxb1 30. Bxb1 Rc5 $11) 29... Nxe2+ 30. Qxe2 Ra3 31. Qc4 g6 $2 (31... Bd7 32. h3 Rd2) 32. h3 {[%emt 0:01:16] White is clearly winning.} h5 33. Qb4 Ra2 34. Rc1 {[%emt 0:00:07] And now Rc8 would win.} Bd7 {[%emt 0:00:44] Prevents Rc8+.} 35. Qh4 Kg7 36. Rc7 {[%emt 0:02:26] Weighted Error Value: White=0.20 (precise) /Black=0.38} 1-0